AoeStats
← TIMVP

Arabia

508707656Analyzed
3v3 RM · 8d ago on Sep 23, 2026· 43m 13s· 6 players
Game mode
Random Map
Map size
Normal (6 player)
Population
200
Speed
Normal
Resources
Standard
Victory
Conquest
Starting age
Dark Age
Ending age
Imperial Age
RankedLock teamsTeams togetherTeam positionsShared explorationLock speedFull tech treeHidden civsTurbo modeCheats
Victory
Defeat
🇵🇪 Romans · Peru
742
+17
🇵🇪 Poles · Peru
732
+17
🇨🇱 Magyars · Chile
676
+19
🇪🇨 Britons · Ecuador
784
-19
🇩🇪 Poles · Germany
759
-18
🇮🇳 Spanish · India
717
-16
Walls vs Zombies 2009
riverpull_2004
4:06 Loom
9:32 Feudal Age
19:55 Castle Age
18:20 Horse Collar
18:29 Double-Bit Axe
19:21 Forging
20:24 Scale Barding Armor
27:17 Town Watch
28:09 Wheelbarrow
33:35 Ballistics
33:12 Murder Holes
33:41 Bow Saw
33:34 Heavy Plow
36:19 Imperial Age
34:56 Fletching
35:06 Padded Archer Armor
betalbaadshah
0:42 Loom
13:20 Feudal Age
13:57 Double-Bit Axe
13:55 Horse Collar
15:56 Wheelbarrow
15:13 Town Watch
15:19 Town Watch
22:31 Castle Age
23:00 Arson
23:16 Squires
23:02 Gambesons
23:42 Pikeman
24:49 Hand Cart
25:05 Heavy Plow
25:21 Bow Saw
27:38 Town Patrol
34:22 Caravan
39:37 Inquisition
40:24 Gold Mining
40:27 Stone Mining
A†ilA
4:07 Loom
11:48 Feudal Age
13:39 Wheelbarrow
12:59 Double-Bit Axe
16:19 Horse Collar
23:17 Castle Age
25:32 Hand Cart
26:04 Bow Saw
26:27 Bloodlines
27:07 Pikeman
27:48 Squires
29:33 Szlachta Privileges
32:14 Imperial Age
TIMVP
10:18 Loom
13:06 Feudal Age
13:31 Double-Bit Axe
14:26 Wheelbarrow
22:05 Castle Age
19:52 Horse Collar
21:15 Man-at-Arms
24:14 Heavy Plow
28:52 Hand Cart
31:27 Long Swordsman
31:54 Pikeman
33:32 Squires
35:21 Ballistics
38:22 Imperial Age
36:03 Ballistas
36:29 Scale Mail Armor
36:39 Forging
37:53 Chain Mail Armor
39:25 Iron Casting
38:44 Legionary
39:21 Heavy Scorpion
44:16 Blast Furnace
43:23 Scale Barding Armor
Takhyom
4:45 Loom
10:17 Feudal Age
10:56 Double-Bit Axe
17:58 Scale Barding Armor
23:25 Castle Age
24:12 Bloodlines
23:58 Pikeman
25:01 Bow Saw
24:32 Horse Collar
25:00 Stone Mining
25:03 Gold Mining
27:16 Gold Shaft Mining
31:04 Husbandry
30:59 Light Cavalry
32:22 Scale Mail Armor
32:43 Chain Barding Armor
35:08 Corvinian Army
35:20 Heavy Plow
36:01 Ballistics
36:09 Arson
36:42 Chain Mail Armor
37:36 Wheelbarrow
37:10 Murder Holes
39:00 Caravan
39:14 Masonry
38:59 Fletching
39:58 Hand Cart
41:19 Bodkin Arrow
41:12 Town Watch
41:22 Treadmill Crane
45:05 Imperial Age
42:50 Town Patrol
Connection lost

Rejoining the realm…

Still unreachable

The connection could not be restored.

Session expired

The server has moved on; the page needs a fresh start.